 Dungeon Crawl Stone Soup version 0.31-a0-920-g28cbb04a8c (webtiles) character file.

Game seed: 11340281743457558410

788 Dirtsage the Ruffian (level 7, -7/47 HPs)
             Began as an Octopode Shapeshifter on Oct 17, 2023.
             Mangled by an ice beast (10 damage)
             ... on level 5 of the Dungeon.
             The game lasted 00:05:59 (3077 turns).

Dirtsage the Ruffian (Octopode Shapeshifter)        Turns: 3077, Time: 00:06:00

Health: -7/47      AC:  1    Str: 15    XL:     7   Next: 87%
Magic:  0/7        EV: 13    Int: 12    God:
Gold:   278        SH:  0    Dex: 12    Spells: 6/6 levels left

rFire   . .          .
                       - Unarmed
rCold   . . .        (no shield)
rNeg    + . .        (helmet currently unavailable)
rPois   .            t - amulet of Vacwa {Spirit Regen+}
rElec   .            S - ring of see invisible
rCorr   .            N - ring of positive energy
SInv    +            (no ring)
Will    .....        (no ring)
Stlth   ++           (no ring)
HPRegen 1.07/turn    (no ring)
MPRegen 0.10/turn    (no ring)
                     (no ring)

%: guardian spirit
@: beast-form
A: beast (slay +3), almost no armour, amphibious, 8 rings, camouflage 1,
gelatinous body 1, (nimble swimmer 1), tentacles
a: Begin Untransformation


You were on level 5 of the Dungeon.
You were a hulking beast.
You visited 2 branches of the dungeon, and saw 6 of its levels.

You collected 278 gold pieces.

Inventory:

Armour
 h - a +1 hat
Jewellery
 g - an amulet of the acrobat
 t - the amulet of Vacwa (around mantle) {Spirit Regen+}
   (You found it on level 5 of the Dungeon)

   [amulet of guardian spirit]

   Spirit:    It causes incoming damage to be divided between your reserves of
   health and magic.
   Regen+:    It increases your rate of health regeneration.
 N - a ring of positive energy (right tentacle)
 S - a ring of see invisible (left tentacle)
Talismans
 b - a beast talisman (active)
 c - a flux talisman
 m - a flux talisman
 o - a beast talisman (active)
Wands
 n - a wand of roots (6)
 r - a wand of paralysis (4)
Scrolls
 e - 2 scrolls of amnesia {unknown}
 f - 2 scrolls of fear {unknown}
 k - a scroll of vulnerability {unknown}
 p - a scroll of enchant weapon {unknown}
 s - a scroll of fog {unknown}
Potions
 a - a potion of lignification
 d - a potion of attraction {unknown}
 i - 2 potions of heal wounds {unknown}
 j - a potion of degeneration {unknown}
 l - a potion of enlightenment {unknown}
 q - a potion of cancellation {unknown}
 u - a potion of mutation {unknown}


   Skills:
 + Level 3.8 Fighting
 - Level 2.0 Dodging
 * Level 6.1 Unarmed Combat
 * Level 5.7 Shapeshifting


You had 6 spell levels left.
You didn't know any spells.
Your spell library contained the following spells:

 Spells                   Type           Power      Damage    Failure   Level
 Cigotuvi's Dreadful Rot  Necr/Pois/Air  0%         N/A       45%         2
 Ignite Poison            Fire/Tmut/Pois 0%         N/A       69%         3
 Freezing Cloud           Conj/Ice/Air   0%         6-21      100%        5


Dungeon Overview and Level Annotations

Branches:
Dungeon (5/15)             Temple (1/1) D:4

Altars:
Ashenzari
Cheibriados
Dithmenos
Makhleb
Qazlal
Trog
Vehumet
Wu Jian
Xom
Zin

Shops:
D:5 [[[(


Innate Abilities, Weirdness & Mutations

You are a hulking beast.
Your limbs bulge with bestial killing power. (Slay +3)
You cannot wear most types of armour.
You are amphibious.
You can wear up to eight rings at the same time.
Your skin changes colour to match your surroundings (Stealth+).
Your rubbery body absorbs attacks. (AC +1, EV +1)
((You are camouflaged when in or above water. (Stealth+)))
You have tentacles for arms and can constrict up to eight enemies at once.


Message History

You constrict Menkaure.
Menkaure whispers a few words.
Menkaure closely misses you.
You bludgeon Menkaure!
You destroy Menkaure!
Your Unarmed Combat skill increases to level 6!
Health restored: 47 You tentacle-slap the ice beast.
The ice beast is moderately wounded.
The ice beast closely misses you.
You barely miss the ice beast. You squeeze the ice beast.
The ice beast is moderately wounded.
The ice beast hits you. The ice beast freezes you!
You take 10 damage, and have 37/47 hp.
MASSIVE DAMAGE!!
You now have 5/7 mp.
You barely miss the ice beast. You squeeze the ice beast.
The ice beast is heavily wounded.
The ice beast hits you. The ice beast freezes you!
You take 14 damage, and have 23/47 hp.
MASSIVE DAMAGE!!
You now have 3/7 mp.
You closely miss the ice beast. Your squeeze misses the ice beast.
The ice beast is heavily wounded.
The ice beast hits you. The ice beast freezes you!
You take 8 damage, and have 15/47 hp.
You now have 1/7 mp.
You bludgeon the ice beast!
The ice beast is severely wounded.
The ice beast hits you.
* * * LOW HITPOINT WARNING * * *
The ice beast freezes you!
* * * LOW HITPOINT WARNING * * *
You take 12 damage, and have 3/47 hp.
MASSIVE DAMAGE!!
You now have 0/7 mp.
You closely miss the ice beast.
The ice beast is severely wounded.
You barely miss the ice beast.
The ice beast is severely wounded.
The ice beast completely misses you.
You closely miss the ice beast.
The ice beast is severely wounded.
The ice beast hits you.
* * * LOW HITPOINT WARNING * * *
The ice beast freezes you!
You die...

####.≈..#####..#
...#+#..)..# #.### #.#
.###...###.###...##..
## ##... #....## .#.#
#####....####..##...# .
##∩#####.#####..#..# ..
.....###....#.....##.#
.#.#.....##..[###....##
................h.....#
...###...##..####Y..#.#
.....##..##.## ......#
.....# #....# .#.#...
.....# ##..# .#..##.
.....# #..#####.# .#
.....# ##..)...#.# .
.....# ##..####.#.# ..
.....###..#####...####


You could see an ice beast.

Vanquished Creatures
  Menkaure (D:5)
  An ice beast (D:5)
  An ogre (D:5)
  A phantom (D:4)
  3 scorpions
  A jelly (D:4)
  3 hounds (D:5)
  An iguana (D:3)
  An adder (D:2)
  3 dart slugs
  9 orcs
  3 bats
  7 endoplasms
  7 giant cockroaches
  7 hobgoblins
  6 jackals
  7 kobolds
  A quokka (D:4)
  8 ball pythons
  A rat (D:3)
72 creatures vanquished.

Notes
Turn   | Place    | Note
-------+----------+-------------------------------------------
     0 | D:1      | Dirtsage the Octopode Shapeshifter began the quest for the
                  | Orb.
     0 | D:1      | Reached XP level 1. HP: 13/13 MP: 1/1
   240 | D:1      | Reached XP level 2. HP: 14/18 MP: 2/2
   696 | D:2      | Reached XP level 3. HP: 18/23 MP: 3/3
  1420 | D:3      | Reached XP level 4. HP: 29/29 MP: 4/4
  1604 | D:3      | Reached skill level 4 in Unarmed Combat
  2119 | D:4      | Noticed a phantom
  2123 | D:4      | Killed a phantom
  2124 | D:4      | Reached XP level 5. HP: 35/35 MP: 5/5
  2303 | D:4      | Found a staircase to the Ecumenical Temple.
  2321 | Temple   | Entered the Ecumenical Temple
  2475 | D:4      | Identified the +0 cloak "Dyziazis" {Will+ MP+9}
  2565 | D:4      | Reached XP level 6. HP: 31/41 MP: 6/6
  2606 | D:4      | Found a broken altar of Ashenzari.
  2748 | D:5      | Entered Level 5 of the Dungeon
  2759 | D:5      | Reached skill level 5 in Unarmed Combat
  2831 | D:5      | Reached skill level 5 in Shapeshifting
  2831 | D:5      | Reached XP level 7. HP: 35/46 MP: 7/7
  2889 | D:5      | Found Boteis's Antique Armour Emporium.
  2900 | D:5      | Found Ajufexea's Weapon Boutique.
  2903 | D:5      | Identified the amulet of Vacwa {Spirit Regen+}
  2952 | D:5      | Found Keli's Armour Emporium.
  2967 | D:5      | Found Yvew's Armour Emporium.
  3065 | D:5      | Noticed Menkaure
  3069 | D:5      | Killed Menkaure
  3070 | D:5      | Reached skill level 6 in Unarmed Combat
  3077 | D:5      | Mangled by an ice beast

Illustrated notes

Levels and vault maps discovered:
D:1:      minmay_arrival_cross, layout_basic, serial_glass, glass_columns_b,
          glass_columns_a
D:2:      layout_basic, minmay_misc_feat_nine_boxes
D:3:      layout_loops_ring
D:4:      layout_basic, mainiacjoe_overflow_six_doors_small,
          minmay_temple_entry_mini_moons
D:5:      layout_rooms, kennysheep_mini, serial_shops,
          nicolae_shop_just_a_little_nook, nicolae_shop_hallway_plus, shop,
          nicolae_shop_pleasant_corner_grove, uniq_menkaure
Temple:   nicolae_temple_cloud_nine

Skill      XL: |  1  2  3  4  5  6  7 |
---------------+----------------------+-----
Fighting       | 2 3 |  3.8
Unarmed Combat | 4 5 6 |  6.1
Shapeshifting  | 4 5 |  5.7
Dodging        | |  2.0

Action                     |  1- 3 |  4- 6 |  7- 9 || total
---------------------------+-------+-------+-------++-------
  Melee: Unarmed           |    49 |    88 |    26 ||   163
         Constrict         |    15 |    18 |     2 ||    35
         Tentacles         |    13 |    19 |     8 ||    40
         Punch             |       |     2 |       ||     2
   Stab: Sleeping          |     5 |     1 |     1 ||     7
 Armour: Skin              |    15 |    24 |     7 ||    46
  Dodge: Dodged            |    47 |    46 |    12 ||   105

Table legend: (Time is in decaauts)
 A = Elapsed time spent in this place.
 B = Non-inter-level travel time spent in this place.
 C = Inter-level travel time spent in this place.
 D = Time resting spent in this place.
 E = Time spent auto-exploring this place.
 F = Levels seen in this place.
 G = Mean time per level.
                   A        B        C        D        E       F      G
               +--------+--------+--------+--------+--------+-----+--------+
         Total |   3061 |   2973 |     88 |      0 |   2519 |   6 |  510.2 |
       Dungeon |   2995 |   2919 |     76 |      0 |   2467 |   5 |  599.0 |
        Temple |     65 |     53 |     12 |      0 |     52 |   1 |   65.0 |
               +--------+--------+--------+--------+--------+-----+--------+

Top non-repeatable levels by time:
     D:2: 768 daAuts
     D:3: 707 daAuts
     D:4: 607 daAuts
     D:1: 586 daAuts
     D:5: 324 daAuts
  Temple: 65 daAuts
